 Dungeon Crawl Stone Soup version 0.21.1-1-g345015fe64 (webtiles) character file.

158 Ivernyr the Charmwright (level 5, -3/38 HPs)
             Began as a Human Skald on June 5, 2018.
             Slain by Natasha (7 damage)
             ... on level 1 of the Dungeon.
             The game lasted 00:11:55 (2459 turns).

Ivernyr the Charmwright (Human Skald)               Turns: 2459, Time: 00:11:55

Health: -3/38      AC:  6    Str: 11    XL:     5   Next: 67%
Magic:  3/8        EV: 11    Int: 14    God:
Gold:   140        SH:  0    Dex: 19    Spells: 3/8 levels left

rFire    . . .     SeeInvis .   a - +0 falchion
rCold    . . .     Gourm    .   (no shield)
rNeg     . . .     Faith    .   b - +0 ring mail
rPois    .         Spirit   .   (no helmet)
rElec    .         Reflect  .   (no cloak)
rCorr    .         Harm     .   h - +0 pair of gloves
MR       .....                  (no boots)
Stlth    +.........             (no amulet)
HPRegen  0.12/turn              r - +6 ring of dexterity
MPRegen  0.11/turn              s - ring of flight

@: slowed, very slow
A: no striking features
a: Evoke Flight


You were on level 1 of the Dungeon.
You were near starving.

You visited 1 branch of the dungeon, and saw 3 of its levels.

You collected 140 gold pieces.

Inventory:

Hand Weapons
 a - a +0 falchion (weapon)
Missiles
 j - 7 poisoned needles
Armour
 b - a +0 ring mail (worn)
 h - a +0 pair of gloves (worn)
Jewellery
 r - a +6 ring of dexterity (left hand)
 s - a ring of flight (right hand)
 w - an uncursed ring of ice {unknown}
Scrolls
 e - a scroll of amnesia {unknown}
 f - a scroll of blinking {unknown}
 g - a scroll of teleportation {unknown}
 i - a scroll of magic mapping {unknown}
 l - 2 scrolls of enchant armour {unknown}
 m - a scroll of identify {unknown}
 n - 2 scrolls of immolation {unknown}
 p - a scroll of remove curse {unknown}
 q - 2 scrolls of enchant weapon {unknown}
 t - a scroll of fear {unknown}
Potions
 k - a potion of agility {unknown}
 o - a potion of heal wounds
 v - a potion of flight {unknown}
Books
 c - a book of Battle

   Spells                             Type                      Level
   a - Infusion                       Charms                       1
   b - Shroud of Golubria             Charms/Translocation         2
   c - Song of Slaying                Charms                       2
   d - Spectral Weapon                Hexes/Charms                 3
   e - Regeneration                   Charms/Necromancy            3
Comestibles
 d - 6 rations


   Skills:
 - Level 2.0 Fighting
 - Level 2.0 Long Blades
 * Level 3.0 Throwing
 + Level 2.3 Armour
 - Level 2.0 Dodging
 - Level 2.0 Spellcasting
 * Level 4.3 Charms


You had 3 spell levels left.
You knew the following spells:

 Your Spells              Type           Power        Failure   Level  Hunger
a - Shroud of Golubria    Chrm/Tloc      #.........   34%         2    ###....
b - Song of Slaying       Chrm           ##......     14%         2    ###....
c - Infusion              Chrm           ##..         10%         1    ##.....


Dungeon Overview and Level Annotations

Branches:
Dungeon (3/15)

Altars:
Xom

Annotations:
D:1 Natasha


Message History

The magic dart hits you!
* * * LOW HITPOINT WARNING * * *
You hit Natasha.
Natasha is moderately wounded.
Natasha claws you!
* * * LOW HITPOINT WARNING * * *
Your shroud falls apart!
Natasha barely misses you.
You closely miss Natasha.
Natasha is moderately wounded.
Natasha claws you.
* * * LOW HITPOINT WARNING * * *
You closely miss Natasha.
Natasha is moderately wounded.
Natasha completely misses you. Natasha barely misses you.
Your magical contamination has completely faded away.
You hit Natasha but do no damage.
Natasha is moderately wounded.
Natasha claws you but does no damage. Natasha claws you!
You die...

#.###########.##†#.# #.#
#.##.#.# #.# #......#####
#.# #############.#....#
..# #......# ####.#.##.#
### #.####.# #....#.##.#
#.# #.# #.####.##.#
#####.# #.# #.####.##.#
....#.####.###.h@....#.#
.†............>####..#.##
###.####.#####....#..#..#
# #..........#.##.#..##.#
#######.####.#.##.#..##.#
.....#.....#....#.h.h...#
####.##########.##.#.####
#.#...............##
####.#.########.#.....#


You could see Natasha.

Vanquished Creatures
  An orc wizard (D:3)
  Natasha (twice) (D:2)
  2 adders (D:3)
  An ooze (D:3)
  A worm (D:2)
  2 leopard geckos
  2 orcs (D:3)
  5 giant cockroaches
  4 goblins
  7 hobgoblins
  4 kobolds
  2 quokkas (D:3)
  A ball python (D:1)
  8 bats
  4 frilled lizards
  7 rats
53 creatures vanquished.

Vanquished Creatures (others)
  4 toadstools (D:1)
4 creatures vanquished.

Grand Total: 57 creatures vanquished

Notes
Turn   | Place    | Note
-------+----------+-------------------------------------------
     0 | D:1      | Ivernyr the Human Skald began the quest for the Orb.
     0 | D:1      | Reached XP level 1. HP: 16/16 MP: 3/3
   103 | D:1      | Reached XP level 2. HP: 22/22 MP: 5/5
   128 | D:1      | Learned a level 2 spell: Song of Slaying
   131 | D:1      | Learned a level 2 spell: Shroud of Golubria
   235 | D:1      | Reached skill level 1 in Throwing
   664 | D:1      | Reached XP level 3. HP: 27/27 MP: 6/6
   862 | D:2      | Found a shimmering altar of Xom.
  1009 | D:2      | Noticed Natasha
  1025 | D:2      | Killed Natasha
  1025 | D:2      | Reached XP level 4. HP: 27/33 MP: 1/7
  1381 | D:2      | Noticed Natasha
  1403 | D:2      | Killed Natasha
  1403 | D:2      | Reached skill level 4 in Charms
  1648 | D:3      | Reached XP level 5. HP: 38/38 MP: 6/8
  2173 | D:2      | Noticed Natasha
  2459 | D:1      | Slain by Natasha

Skill      XL: |  1  2  3  4  5 |
---------------+----------------+-----
Throwing       | 1 2 3 |  3.0
Armour         | 2 |  2.3
Charms         | 4 |  4.3
Fighting       | |  2.0
Long Blades    | |  2.0
Dodging        | |  2.0
Spellcasting   | |  2.0

Action                   |  1- 3 |  4- 6 || total
-------------------------+-------+-------++-------
Melee: Falchion          |    88 |   133 ||   221
 Cast: Shroud of Golubri |     1 |     9 ||    10
  Eat: Chunk             |       |     5 ||     5
Armor: Leather armour    |     5 |       ||     5
       Ring mail         |    25 |    63 ||    88
Dodge: Dodged            |    51 |    92 ||   143
       Rpst.: Falchion   |    20 |    31 ||    51
